 Dungeon Crawl Stone Soup version 0.11.0-24-g666f47c (console) character file.

67 KiloByte the Ducker (level 2, 0/13 HPs)
             Began as a Felid Chaos Knight on Oct 31, 2012.
             Was a Plaything of Xom.
             Slain by a ball python (2 damage)
             ... on Level 1 of the Dungeon.
             The game lasted 00:00:46 (275 turns).

KiloByte the Ducker (Felid Chaos Knight)             Turns: 275, Time: 00:00:46

HP   0/13        AC  1     Str  8      XL: 2   Next:  7%
MP   3/3         EV 18     Int 13      God: Xom
Gold 58          SH  0     Dex 15      Spells:  0 memorised,  1 level left
Lives: 0, deaths: 0

Res.Fire  : . . .   See Invis. : +     - Unarmed
Res.Cold  : . . .   Warding    : .   (armour unavailable)
Life Prot.: . . .   Conserve   : .   (shield unavailable)
Res.Poison: .       Res.Corr.  : .   (helmet unavailable)
Res.Elec. : .       Clarity    : .   (cloak unavailable)
Sust.Abil.: . .     Spirit.Shd : .   (gloves unavailable)
Res.Mut.  : .       Stasis     : .   (boots unavailable)
Res.Rott. : .       Ctrl.Telep.: .   (no amulet)
Saprovore : . . .   Levitation : .   (no ring) Ctrl.Flight: .
                                     (no ring)

@: constricted, quick, slightly resistant to hostile enchantments, fairly
stealthy
A: paw claws, no armour, no advanced items, fangs 3, see invisible, carnivore 3,
speed 1, slow metabolism 1, AC +1
a: Renounce Religion You collected 38 gold pieces.


You were on level 1 of the Dungeon.
You were full.
You were on level 1 of the Dungeon.
You worshipped Xom.
You were a toy of Xom.
You were full.

You visited 1 branch of the dungeon, and saw 1 of its levels.

You collected 38 gold pieces.

Notes
Turn   | Place    | Note
--------------------------------------------------------------
     0 | D:1      | KiloByte, the Felid Chaos Knight, began the quest for the Orb.
     0 | D:1      | Reached XP level 1. HP: 9/9 MP: 2/2
   221 | D:1      | Reached XP level 2. HP: 4/13 MP: 3/3
   275 | D:1      | Slain by a ball python

Inventory:

Comestibles
 c - a meat ration
 d - a chunk of hobgoblin flesh
Scrolls
 b - 3 scrolls of identify {unknown}
 g - 4 scrolls of remove curse {unknown}
Potions
 a - 2 potions of curing {unknown}
 e - a potion of speed {unknown}
 f - a potion of slowing {unknown}

Table legend:
 A = Turns spent in this place as a percentage of turns spent in the entire game.
 B = Non-inter-level travel turns spent in this place as a percentage of non-inter-level travel turns spent in the entire game.
 C = Inter-level travel turns spent in this place as a percentage of turns spent in this place.
 D = Turns resting spent in this place as a percentage of non-inter-level travel turns spent in this place.
 E = Turns spent auto-exploring this place as a percentage of non-inter-level travel turns spent in this place.
 F = Non-inter-level travel turns spent in this place divided by the number of levels of this place that you've seen.
                   A       B       C       D       E      F
               +-------+-------+-------+-------+-------+----------------------
         Total | 100.0 | 100.0 |   0.0 |   0.0 |  11.9 | 143.0
       Dungeon | 100.0 | 100.0 |   0.0 |   0.0 |  11.9 | 143.0
               +-------+-------+-------+-------+-------+----------------------


   Skills:
 + Level 3.1 Fighting
 + Level 3.7 Dodging
 + Level 3.1 Unarmed Combat


You had one spell level left.
You didn't know any spells.

Dungeon Overview and Level Annotations

Branches:
Dungeon (1/27)

Altars:


Innate Abilities, Weirdness & Mutations

You cannot wear armour.
You are incapable of any advanced item manipulation.
Your paws have sharp claws.
You have razor-sharp teeth.
You have supernaturally acute eyesight.
You are carnivorous and can eat meat at any time.
You cover ground quickly.
You are covered in fur (AC +1).
You have a slow metabolism.


Message History

The giant newt completely misses you.
You barely miss the giant newt. The giant newt misses you.
You scratch the giant newt.
You kill the giant newt!
No target in view!
No target in view!
Found a bread ration.
g - 3 scrolls labeled TOTATHR OXEODD
Found a staircase leading out of the dungeon.
Found a bread ration.
A hobgoblin comes into view.
The hobgoblin shouts!
You see here a bread ration.
You scratch the hobgoblin but do no damage.
Your punch misses the hobgoblin. The hobgoblin hits you.
You scratch the hobgoblin.
The hobgoblin begins to bleed from its wounds!
The hobgoblin is severely wounded.
The hobgoblin closely misses you.
You scratch the hobgoblin.
You kill the hobgoblin!
No target in view!
A hobgoblin comes into view.
The hobgoblin shouts!
The hobgoblin misses you.
You claw the hobgoblin!
You kill the hobgoblin!
No target in view!
b - 3 scrolls labeled TROASCH SCHEG (gained 1)
A kobold comes into view. It is wielding a dagger.
The kobold shouts!
You scratch the kobold.
The kobold begins to bleed from its wounds!
The kobold is moderately wounded.
The kobold completely misses you.
You scratch the kobold.
The kobold is severely wounded.
The kobold hits you but does no damage.
You scratch the kobold but do no damage.
The kobold is severely wounded.
The kobold misses you.
You scratch the kobold but do no damage.
The kobold is severely wounded.
The kobold hits you with a dagger.
* * * LOW HITPOINT WARNING * * *
You barely miss the kobold.
The kobold is severely wounded.
The kobold hits you with a dagger.
* * * LOW HITPOINT WARNING * * *
You scratch the kobold.
You kill the kobold!
No target in view!
You see here a dagger.
g - 4 scrolls labeled TOTATHR OXEODD (gained 1)
A bat comes into view.
The bat moves out of view.
Found a runed steel ring.
A giant cockroach, a goblin and a kobold come into view.
The goblin shouts!
The bat misses you.
Found a staircase leading out of the dungeon.
A bat comes into view.
You miss the bat.
The bat moves out of view.
The bat hits you.
* * * LOW HITPOINT WARNING * * *
The bat hits you but does no damage.
You barely miss the bat. The bat closely misses you. The bat misses you.
A ball python comes into view.
The kobold shouts!
The bat completely misses you.
You scratch the bat.
You kill the bat!
The bat closely misses you.
You scratch the bat.
You kill the bat!
You have reached level 2!
You scratch the goblin.
You kill the goblin!
You scratch the giant cockroach.
You kill the giant cockroach!
Unknown command.
The ball python misses you.
* * * LOW HITPOINT WARNING * * *
The ball python grabs you.
* * * LOW HITPOINT WARNING * * *
The ball python constricts you.
You barely miss the ball python.
The ball python bites you but does no damage.
* * * LOW HITPOINT WARNING * * *
The ball python constricts you.
You barely miss the ball python. The ball python closely misses you.
* * * LOW HITPOINT WARNING * * *
The ball python constricts you.
You closely miss the ball python. The ball python barely misses you.
The ball python closely misses you.
* * * LOW HITPOINT WARNING * * *
The ball python constricts you.
You barely miss the ball python. The ball python bites you.
* * * LOW HITPOINT WARNING * * *
You die... „Taak, potrzeba mi lepszej rozrywki.”

#.# #.# #.########.##########
#.#..................
#.#.######.##########
..##########.#.######.##########
..........................^......
..###..).....#.######.##########
#.# #.#######..#.# #.# #.#
#.#.....#..#S# #.# #.#
#.#..<..#..#.# #.# #.#
#.#.....#..#.# #.# #.#
#.#.....#..#.# #.# #.#
#.##'''##.S#.# #.# #.#
#.........h#.# #.# #.#
#####..###.#.# #.# #.## #.#.#
##.###########.####.#.###
K.......................#
##.##############.......#
................)...........
##.##############.......#### #.#
#.......# #.# #.......# #.#
#.......# #.# #.......# #.#
#######. #.#


You could see a ball python.

Table legend:
 A = Kills in this place as a percentage of kills in entire the game.
 B = Kills by you in this place as a percentage of kills by you in the entire game.
 C = Kills by friends in this place as a percentage of kills by friends in the entire game.
 D = Other kills in this place as a percentage of other kills in the entire game.
 E = Experience gained in this place as a percentage of experience gained in the entire game.
 F = Experience gained in this place divided by the number of levels of this place that you have seen.
                   A       B       C       D       E      F
               +-------+-------+-------+-------+-------+----------------------
         Total | 100.0 | 100.0 |  -nan |  -nan | 100.0 |  14.0
       Dungeon | 100.0 | 100.0 |  -nan |  -nan | 100.0 |  14.0
               +-------+-------+-------+-------+-------+----------------------

Vanquished Creatures
  3 hobgoblins (D:1)
  3 bats (D:1)
  A giant cockroach (D:1)
  2 giant newts (D:1)
  A goblin (D:1)
  A kobold (D:1)
11 creatures vanquished.

Action                   || total
-------------------------++-------
Melee: Unarmed           ||    30

Vault maps used:
D:1:      dpeg_entry_windows_large_door, old_standard_altar
